 Dungeon Crawl Stone Soup version 0.32-a0-314-g526f7d4993 (webtiles) character file.

Game seed: 5129151577650624717

265 Aldia the Chopper (level 5, 0/46 HPs)
             Began as a Mountain Dwarf Reaver on Feb 15, 2024.
             Slain by a river rat (2 damage)
             ... in a sewer.
             The game lasted 00:03:51 (1539 turns).

Aldia the Chopper (Mountain Dwarf Reaver)           Turns: 1539, Time: 00:03:51

Health: 0/46       AC:  5    Str: 17    XL:     5   Next: 99%
Magic:  5/8        EV: 10    Int: 13    God:
Gold:   151        SH:  0    Dex:  8    Spells: 0/8 levels left

rFire   . . .        a - +0 hand axe
rCold   . . .        (no shield)
rNeg    . . .        g - +0 ring mail
rPois   .            (no helmet)
rElec   .            (no cloak)
rCorr   .            (no gloves)
SInv    .            (no boots)
Will    .....        (no amulet) Stlth
                     c - ring of flight
HPRegen 0.27/turn    (no ring)
MPRegen 0.11/turn

%: no passive effects
@: immotile, flying
A: runic magic, artefact enchanting
a: no special abilities


You were in a sewer.
You visited 1 branch of the dungeon, and saw 3 of its levels.
You also visited: Sewer.

You collected 151 gold pieces.

Inventory:

Hand Weapons
 a - a +0 hand axe (weapon)
Armour
 b - a +0 leather armour
 g - a +0 ring mail (worn)
 q - a +0 pair of boots
Jewellery
 c - a ring of flight (left hand)
 h - a ring of fire
 o - a +6 ring of dexterity
Scrolls
 d - a scroll of poison {unknown}
 f - a scroll of enchant armour {unknown}
 i - a scroll of torment {unknown}
 j - a scroll of blinking {unknown}
 k - 2 scrolls of identify {unknown}
 l - a scroll of teleportation {unknown}
 n - 2 scrolls of silence
 p - 2 scrolls of brand weapon {unknown}
Potions
 e - a potion of lignification {unknown}
 m - a potion of mutation {unknown}


   Skills:
 + Level 3.8 Fighting
 * Level 6.1 Axes
 + Level 2.3 Armour
 - Level 1.3 Dodging
 - Level 2.0 Spellcasting
 - Level 3.0 Conjurations
 - Level 1.0 Necromancy
 + Level 0.2 Translocations


You couldn't memorise any spells.
You knew the following spells:

 Your Spells              Type           Power      Damage    Failure   Level
a - Kiss of Death         Conj/Necr      24%        2d7       13%         1
b - Momentum Strike       Conj/Tloc      10%        3d8       22%         2
c - Hailstorm             Conj/Ice       5%         3d5       43%         3
d - Blink                 Tloc           2%         N/A       38%         2

Your spell library contained the following spells:

 Spells                   Type           Power      Damage    Failure   Level
 Lesser Beckoning         Tloc           2%         N/A       38%         2
 Vhi's Electric Charge    Tloc/Air       2%         N/A       95%         4
 Arcjolt                  Conj/Air       2%         1d12      99%         5
 Plasma Beam              Fire/Air       0%         2x1d10    100%        6


Dungeon Overview and Level Annotations

Branches:
Dungeon (3/15)              Sewer (1/1)

Altars:

Shops:
D:2 =


Innate Abilities, Weirdness & Mutations

Your spellcasting is much less encumbered by armour.
You can use scrolls of enchantment on lesser artefacts.


Message History

The frilled lizard misses you. The river rat closely misses you.
You hit the river rat but do no damage.
The river rat is severely wounded.
You hit the frilled lizard.
You kill the frilled lizard!
The river rat bites you.
You barely miss the river rat.
The river rat is severely wounded.
You hit the endoplasm. The endoplasm hits you.
The river rat completely misses you.
You closely miss the river rat.
The river rat is severely wounded.
You barely miss the endoplasm. The endoplasm barely misses you.
The river rat bites you!
* * * LOW HITPOINT WARNING * * *
You closely miss the river rat.
The river rat is severely wounded.
You barely miss the endoplasm. The endoplasm freezes you.
You are frozen.
* * * LOW HITPOINT WARNING * * *
The river rat bites you but does no damage.
You hit the river rat but do no damage.
The river rat is severely wounded.
You hit the endoplasm but do no damage. The endoplasm freezes you.
You are frozen.
* * * LOW HITPOINT WARNING * * *
The river rat bites you.
* * * LOW HITPOINT WARNING * * *
Casting: Momentum Strike (safe; 22% risk of failure)
Confirm with . or Enter, or press ? or * to list all spells.
Aiming: Momentum Strike (safe; 22% risk of failure)
Press: ? - help, Dir - move target, f - river rat
Aim: a river rat (severely wounded, 64% to hit)
The concentrated momentum hits the river rat.
The river rat is almost dead.
You are unable to move.
The endoplasm barely misses you. The river rat bites you.
You die...

#############
####~....J~~..~#
##.~~..~.@rJ~..~~
#..~..#########~.
#.~.### #..##
#.~# #~.#
#..###########
#....~.~.....#
#......~~~...#


You could see a river rat and 2 endoplasms.

Vanquished Creatures
  Sigmund (D:2)
  An adder (D:2)
  A river rat (Sewer)
  2 bats (D:1)
  6 endoplasms
  5 giant cockroaches
  4 goblins
  4 hobgoblins
  4 jackals (D:1)
  5 ball pythons
  5 frilled lizards
  3 kobolds (D:1)
  10 rats
51 creatures vanquished.

Notes
Turn   | Place    | Note
-------+----------+-------------------------------------------
     0 | D:1      | Aldia the Mountain Dwarf Reaver began the quest for the
                  | Orb.
     0 | D:1      | Reached XP level 1. HP: 17/17 MP: 3/3
   115 | D:1      | Reached skill level 4 in Axes
   115 | D:1      | Reached XP level 2. HP: 19/25 MP: 4/4
   172 | D:1      | Learned a level 2 spell: Momentum Strike
   258 | D:1      | Reached XP level 3. HP: 30/30 MP: 5/5
   809 | D:2      | Learned a level 3 spell: Hailstorm
   820 | D:2      | Noticed Sigmund
   832 | D:2      | Killed Sigmund
   833 | D:2      | Reached skill level 5 in Axes
   833 | D:2      | Reached skill level 1 in Necromancy
   833 | D:2      | Reached XP level 4. HP: 17/40 MP: 5/7
   833 | D:2      | Reached XP level 5. HP: 20/46 MP: 5/8
  1221 | D:2      | Found Noodgh's Jewellery Shoppe.
  1422 | D:3      | Reached skill level 6 in Axes
  1429 | D:3      | Found a glowing drain.
  1456 | Sewer    | Entered a sewer
  1460 | Sewer    | Learned a level 2 spell: Blink
  1538 | Sewer    | HP: 2/46 [river rat (5)]
  1539 | Sewer    | Slain by a river rat

Illustrated notes

Levels and vault maps discovered:
D:1:      dpeg_arrival_ratfight, layout_rooms
D:2:      layout_basic, serial_shops, nicolae_shop_window_shopping,
          kennysheep_cross_room, uniq_sigmund
D:3:      cheibrodos_fertilizer, layout_rooms, pdpol_wu_jian_five_deadly_venoms,
          nicolae_vehumet_altar_sigil,
          mainiacjoe_overflow_concentric_impassable, zin_scriptorium,
          cheibrodos_sewer_entry_drain, serial_shops, shop,
          kennysheep_pointless_box
Sewer:    sewer_hellmonk_slimy_pipes

Skill      XL: |  1  2  3  4  5 |
---------------+----------------+-----
Axes           | 4 5 6 |  6.1
Conjurations   | 3 |  3.0
Fighting       | 3 |  3.8
Spellcasting   | 2 |  2.0
Armour         | 2 |  2.3
Necromancy     | 1 |  1.0
Dodging        | |  1.3
Translocations | |  0.2

Action                     |  1- 3 |  4- 6 || total
---------------------------+-------+-------++-------
  Melee: Hand axe          |    93 |    67 ||   160
   Cast: Momentum Strike   |     1 |     2 ||     3
         Kiss of Death     |     1 |       ||     1
    Use: Scroll            |       |     1 ||     1
 Armour: Leather armour    |    45 |       ||    45
         Ring mail         |    18 |    39 ||    57
  Dodge: Dodged            |    61 |    41 ||   102

Table legend: (Time is in decaauts)
 A = Elapsed time spent in this place.
 B = Non-inter-level travel time spent in this place.
 C = Inter-level travel time spent in this place.
 D = Time resting spent in this place.
 E = Time spent auto-exploring this place.
 F = Levels seen in this place.
 G = Mean time per level.
                   A        B        C        D        E       F      G
               +--------+--------+--------+--------+--------+-----+--------+
         Total |   1545 |   1416 |    129 |      0 |   1038 |   4 |  386.2 |
       Dungeon |   1462 |   1333 |    129 |      0 |   1018 |   3 |  487.3 |
         Sewer |     82 |     82 |      0 |      0 |     20 |   1 |   82.0 |
               +--------+--------+--------+--------+--------+-----+--------+

Top non-repeatable levels by time:
     D:1: 700 daAuts
     D:2: 681 daAuts
   Sewer: 82 daAuts
     D:3: 80 daAuts
